 Dungeon Crawl Stone Soup version 0.28.0-45-g0d030f2227 (webtiles) character file.

Game seed: 17966020431050272045

276 styxcanada the Covert (level 6, -1/45 HPs)
             Began as a Spriggan Brigand on Apr 19, 2022.
             Slain by a bullfrog skeleton (3 damage)
             ... on level 4 of the Dungeon.
             The game lasted 00:13:58 (3905 turns).

styxcanada the Covert (Spriggan Brigand)            Turns: 3905, Time: 00:13:59

Health: -1/45      AC: 27    Str:  7    XL:     6   Next: 4%
Magic:  7/7        EV:  4    Int: 12    God:
Gold:   62         SH:  0    Dex: 19    Spells: 5/5 levels left

rFire   . . .      SeeInvis +   a - +2 dagger
rCold   . . .      Faith    .   (no shield)
rNeg    . . .      Spirit   .   (armour currently unavailable)
rPois   +          Reflect  .   (helmet currently unavailable)
rElec   .          Harm     .   (cloak currently unavailable)
rCorr   .          Rampage  .   (gloves unavailable)
Will    +....      NoTele   +   (boots unavailable)
Stlth   ++++......              m - amulet of the acrobat
HPRegen 0.15/turn               o - +4 ring of protection
MPRegen 0.10/turn               (no ring)

@: tree-form
A: stationary, stasis, torment immunity, boosted hp, very small, no large
weapons, unfitting armour, see invisible, (speed 3)
a: no special abilities


You were on level 4 of the Dungeon.
You were a tree.
You visited 1 branch of the dungeon, and saw 4 of its levels.

You collected 62 gold pieces.

Inventory:

Hand Weapons
 a - a +2 dagger (weapon)
Missiles
 e - a curare-tipped dart (quivered)
 i - 3 stones
 j - 2 boomerangs
Armour
 b - a +0 robe (melded)
 c - a +0 cloak (melded)
Jewellery
 m - an amulet of the acrobat (around neck)
 o - a +4 ring of protection (left branch)
Potions
 h - 2 potions of flight


   Skills:
 * Level 2.3 Fighting
 + Level 3.3 Short Blades
 + Level 2.7 Throwing
 * Level 3.8 Dodging
 * Level 8.4 Stealth


You had 5 spell levels left.
You didn't know any spells.
Your spell library was empty.

Dungeon Overview and Level Annotations

Branches:
Dungeon (4/15)             Temple (0/1) D:4

Altars:
Fedhas
Sif Muna


Innate Abilities, Weirdness & Mutations

You are a tree.
Your roots penetrate the ground, keeping you stationary.
You cannot be teleported.
You are immune to unholy pain and torment.
Your maximum health is greatly increased.
Your equipment is partially melded.
You are very small and have problems with some larger weapons.
You are too small for most types of armour.
You have supernaturally acute eyesight. (SInv)
((You cover ground extremely quickly. (Speed+++)))


Message History

You hit the orc wizard but do no damage.
The orc wizard is almost dead.
The orc wizard hits you but does no damage.
The bullfrog skeleton hits you but does no damage.
You closely miss the orc wizard.
The orc wizard is almost dead.
The bullfrog skeleton hits you but does no damage.
The orc wizard hits you but does no damage.
You hit the orc wizard but do no damage.
The orc wizard is severely wounded.
The bullfrog skeleton hits you but does no damage.
The orc wizard barely misses you.
You hit the orc wizard.
The orc wizard is almost dead.
The bullfrog skeleton hits you but does no damage.
The orc wizard hits you but does no damage.
You hit the orc wizard.
You kill the orc wizard!
The bullfrog skeleton hits you.
* * * LOW HITPOINT WARNING * * *
An orc comes into view. It is wielding a +0 dagger of venom.
The bullfrog skeleton barely misses you.
You have reached level 6!
The orc shouts!
You hit the bullfrog skeleton.
The bullfrog skeleton is moderately damaged.
The bullfrog skeleton hits you but does no damage.
You hit the bullfrog skeleton but do no damage.
The bullfrog skeleton is moderately damaged.
The bullfrog skeleton hits you but does no damage.
You hit the bullfrog skeleton.
The bullfrog skeleton is moderately damaged.
The bullfrog skeleton hits you but does no damage.
You barely miss the bullfrog skeleton. You punch the bullfrog skeleton.
The bullfrog skeleton is moderately damaged.
The bullfrog skeleton hits you but does no damage.
You hit the bullfrog skeleton.
The bullfrog skeleton is heavily damaged.
The bullfrog skeleton hits you.
You die...

#......,#.......#,,,,,*
#.....,,#.......#,,,,,*
#....,,,#.<.##..####+#*
...#****#...##...#...#
..o#,,,,#......).'...#
...#,,,,+...###'#######
...##########.........#
#...†)..........Z.....#
'..........(.o()♣.....#
#...............).....#
#................##'###
###########'#....+...#
......o.....#....#...#
..o.o.......'....#.o.#
##.##..###..#....#...#
*#+#####*#..#..†.#ho.#
,,,,,,,,#...#....#...#


You could see an orc and a bullfrog skeleton.

Vanquished Creatures
  A howler monkey (D:4)
  A centaur skeleton (D:2)
  An orc priest (D:4)
  A hound (D:4)
  An orc wizard (D:4)
  4 adders
  3 dart slugs
  5 orcs
  A ball python (D:1)
  6 endoplasms
  3 giant cockroaches
  8 goblins
  9 hobgoblins
  6 kobolds
  2 quokkas
  3 bats
  8 frilled lizards
  8 rats
71 creatures vanquished.

Vanquished Creatures (others)
  An orc wizard (D:4)
  3 plants (D:1)
  9 withered plants (D:1)
13 creatures vanquished.

Grand Total: 84 creatures vanquished

Notes
Turn   | Place    | Note
-------+----------+-------------------------------------------
     0 | D:1      | styxcanada the Spriggan Brigand began the quest for the
                  | Orb.
     0 | D:1      | Reached XP level 1. HP: 10/10 MP: 2/2
    79 | D:1      | Reached skill level 6 in Stealth
   294 | D:1      | Found a faded altar of an unknown god.
   406 | D:1      | Reached XP level 2. HP: 15/15 MP: 3/3
  1259 | D:2      | Found a shimmering blue altar of Sif Muna.
  1309 | D:2      | Reached XP level 3. HP: 4/18 MP: 4/4
  1771 | D:2      | Reached skill level 7 in Stealth
  1782 | D:2      | Reached XP level 4. HP: 12/23 MP: 5/5
  2947 | D:3      | Found a blossoming altar of Fedhas.
  3614 | D:4      | Reached XP level 5. HP: 26/26 MP: 6/6
  3699 | D:4      | Reached skill level 8 in Stealth
  3808 | D:4      | HP: 1/26 [orc wizard/magic dart (2)]
  3900 | D:4      | HP: 1/39 [bullfrog skeleton (2)]
  3901 | D:4      | Reached XP level 6. HP: 2/30 MP: 7/7
  3905 | D:4      | Slain by a bullfrog skeleton

Illustrated notes

Levels and vault maps discovered:
D:1:      minmay_arrival_four_houses, layout_rooms,
          shapermc_ecumenical_altar_flowoftime, minmay_split_cup_small
D:2:      layout_basic, basic_altar
D:3:      layout_loops_cross, mainiacjoe_overflow_alcove_2,
          hangedman_decor_points
D:4:      layout_gridville, mainiacjoe_overflow_tiny_flanked,
          minmay_temple_entry_wispy, minmay_stone_trees_small

Skill      XL: |  1  2  3  4  5 |
---------------+----------------+-----
Stealth        | 6 7 8 |  8.4
Dodging        | 2 3 |  3.8
Fighting       | 2 |  2.3
Short Blades   | 3 |  3.3
Throwing       | |  2.7

Action                   |  1- 3 |  4- 6 || total
-------------------------+-------+-------++-------
Melee: Dagger            |    94 |   142 ||   236
       Punch             |     1 |     1 ||     2
Throw: Dart              |    23 |    23 ||    46
  Use: Scroll            |     4 |     4 ||     8
       Potion            |       |     2 ||     2
 Stab: Sleeping          |     5 |    12 ||    17
Armor: Robe              |    18 |    18 ||    36
       Skin              |       |    25 ||    25
Dodge: Dodged            |    72 |    90 ||   162
